 Seeded DCSS version 0.28.0-47-ge53b351184 (webtiles) character file.

Game seed: 5718816098478460189 (custom seed)

2 GigaChad the Shield-Bearer (level 1, -2/19 HPs)
             Began as a Minotaur Fighter on May 2, 2022.
             Succumbed to a goblin's poison
             ... on level 1 of the Dungeon.
             The game lasted 00:00:21 (82 turns).

GigaChad the Shield-Bearer (Minotaur Fighter)         Turns: 82, Time: 00:00:22

Health: -2/19      AC:  6    Str: 20    XL:     1   Next: 33%
Magic:  0/0        EV:  9    Int:  5    God:
Gold:   10         SH:  4    Dex:  9    Spells: 0/0 levels left

rFire   . . .      SeeInvis .   a - +0 long sword
rCold   . . .      Faith    .   c - +0 buckler
rNeg    . . .      Spirit   .   b - +0 scale mail
rPois   .          Reflect  .   (helmet restricted)
rElec   .          Harm     .   (no cloak)
rCorr   .          Rampage  .   (no gloves)
Will    .....                   (no boots)
Stlth   ..........              (no amulet)
HPRegen 0.06/turn               (no ring)
MPRegen 0.07/turn               (no ring)

@: lethally poisoned (-2 -> -21)
A: horns 2, retaliatory headbutt
a: no special abilities


You were on level 1 of the Dungeon.
You visited 1 branch of the dungeon, and saw 1 of its levels.

You collected 10 gold pieces.

Inventory:

Hand Weapons
 a - a +0 long sword (weapon)
Armour
 b - a +0 scale mail (worn)
 c - a +0 buckler (worn)
Potions
 d - a potion of might
 e - a potion of haste {unknown}


   Skills:
 + Level 3.6 Fighting
 + Level 2.6 Long Blades
 + Level 3.6 Armour
 + Level 3.7 Shields


You couldn't memorise any spells.
You didn't know any spells.
Your spell library contained the following spells:

 Spells                   Type           Power      Damage    Failure   Level
 Static Discharge         Conj/Air       0%         N/A       96%         2
 Dispel Undead            Necr           0%         3d6       100%        4
 Sticky Flame             Conj/Fire      0%         2d3       100%        4


Dungeon Overview and Level Annotations

Branches:
Dungeon (1/15)

Altars:


Innate Abilities, Weirdness & Mutations

You have a pair of horns on your head.
You reflexively headbutt those who attack you in melee.


Message History

The quokka barely misses you. You block the goblin's attack.
The quokka barely misses you. You block the goblin's attack.
You miss the quokka.
The quokka is heavily wounded.
You block the quokka's attack. You block the goblin's attack.
You miss the quokka.
The quokka is heavily wounded.
The quokka barely misses you. The goblin closely misses you.
The quokka bites you.
You miss the quokka.
The quokka is heavily wounded.
The goblin closely misses you. The quokka closely misses you.
You slash the quokka!
You kill the quokka!
You block the goblin's attack. The goblin hits you with a +0 dagger.
The goblin hits you with a +0 dagger.
You barely miss the goblin. The goblin hits you but does no damage.
You hit the goblin.
You kill the goblin!
You see here a +0 dagger.
You now have 10 gold pieces.
You pick up a book of Touch and begin reading...
You add the spells Static Discharge, Sticky Flame and Dispel Undead to your library.
e - a cyan potion You start resting.
A goblin comes into view. It is wielding a +2 dagger of venom.
The goblin shouts!
Found a scroll labelled DYWUON WATICUU.
You block the goblin's attack. You block the goblin's attack.
The goblin hits you with a +2 dagger of venom.
You are lethally poisoned!
* * * LOW HITPOINT WARNING * * *
You feel very sick.
The goblin hits you with a +2 dagger of venom.
* * * LOW HITPOINT WARNING * * *
You are more poisoned.
You hit the goblin. You headbutt the goblin.
You kill the goblin!
You die...

#..#####..#.#
#...........#
.##.######..###
.... #..#
###.######..#####
................#
..................#
.......)........###
.......@..........
................###
................#
................#
............?...#
###.#...........
#.######.##### # .#


There were no monsters in sight!

Vanquished Creatures
  2 goblins (D:1)
  A quokka (D:1)
3 creatures vanquished.

Notes
Turn   | Place    | Note
-------+----------+-------------------------------------------
     0 | D:1      | GigaChad the Minotaur Fighter began the quest for the Orb.
     0 | D:1      | Reached XP level 1. HP: 19/19 MP: 0/0
    82 | D:1      | Succumbed to a goblin's poison

Illustrated notes

Levels and vault maps discovered:
D:1:      tarquinn_simple_flora_water_b, layout_basic,
          hellmonk_ecumenical_altar_lost_god

Action                   || total
-------------------------++-------
Melee: Long sword        ||    10
       Headbutt          ||     2
Armor: Scale mail        ||     3
Dodge: Dodged            ||    10
Block: Buckler           ||    10
